 Dungeon Crawl Stone Soup version 0.29.1-15-g9cfb28693d (webtiles) character file.

Game seed: 15576567590970053550

55 javelincjr the Magician (level 3, 0/24 HPs)
             Began as an Octopode Hedge Wizard on Apr 30, 2023.
             Slain by an adder (2 damage)
             ... on level 3 of the Dungeon.
             The game lasted 00:04:21 (1927 turns).

javelincjr the Magician (Octopode Hedge Wizard)     Turns: 1927, Time: 00:04:21

Health: 0/24       AC:  1    Str:  9    XL:     3   Next: 93%
Magic:  2/7        EV: 13    Int: 18    God:
Gold:   79         SH:  0    Dex: 11    Spells: 4/8 levels left

rFire   + . .      SeeInvis .   a - +0 dagger
rCold   + . .      Faith    .   (no shield)
rNeg    . . .      Spirit   .   b - +0 hat
rPois   +          Reflect  .   (no amulet)
rElec   +          Harm     .   (no ring)
rCorr   +          Rampage  .   (no ring)
Will    .....                   (no ring)
Stlth   +++.......              (no ring)
HPRegen 0.08/turn               (no ring)
MPRegen 0.10/turn               (no ring)
                                (no ring)
                                (no ring)

@: brilliant, lethally poisoned (0 -> -4), resistant
A: almost no armour, amphibious, 8 rings, camouflage 1, gelatinous body 1,
(nimble swimmer 1), tentacles
a: no special abilities


You were on level 3 of the Dungeon.
You visited 1 branch of the dungeon, and saw 3 of its levels.

You collected 79 gold pieces.

Inventory:

Hand Weapons
 a - a +0 dagger (weapon)
Armour
 b - a +0 hat (worn)
Scrolls
 d - 3 scrolls of summoning {unknown}
 e - a scroll of magic mapping {unknown}
 f - 2 scrolls of identify {unknown}
 h - a scroll of enchant weapon {unknown}
 j - a scroll of amnesia {unknown}
Potions
 c - a potion of magic
 i - a potion of brilliance


   Skills:
 * Level 1.7 Fighting
 + Level 2.3 Dodging
 + Level 3.1 Stealth
 + Level 3.2 Spellcasting
 + Level 1.6 Conjurations
 + Level 1.3 Summonings
 + Level 1.3 Translocations


You had 4 spell levels left.
You knew the following spells:

 Your Spells              Type           Power      Damage    Failure   Level
a - Magic Dart            Conj           48%        1d5       9%          1
b - Foxfire               Conj/Fire      32%        2x1d5     12%         1
c - Call Imp              Summ           11%        N/A       14%         2

Your spell library contained the following spells:

 Spells                   Type           Power      Damage    Failure   Level
 Blink                    Tloc           22%        N/A       14%         2
 Slow                     Hex            16%        N/A       16%         1
 Conjure Flame            Conj/Fire      8%         6-21      34%         3
 Mephitic Cloud           Conj/Pois/Air  7%         N/A       36%         3
 Inner Flame              Hex/Fire       4%         N/A       43%         3
 Flame Wave               Conj/Fire      8%         2d5       75%         4


Dungeon Overview and Level Annotations

Branches:
Dungeon (3/15)

Altars:
Xom


Innate Abilities, Weirdness & Mutations

You cannot wear most types of armour.
You are amphibious.
You can wear up to eight rings at the same time.
Your skin changes colour to match your surroundings (Stealth+).
Your rubbery body absorbs attacks. (AC +1, EV +1)
((You are camouflaged when in or above water. (Stealth+)))
You have tentacles for arms and can constrict up to eight enemies at once.


Message History

The endoplasm quivers.
The foxfire hits the rat.
You kill the rat!
The foxfire hits the adder.
The adder is moderately wounded.
The adder closely misses you. x2
You miscast Foxfire.
You are very lightly contaminated with residual magic.
Nothing appears to happen.
You feel sick.
The foxfire hits the adder.
The adder is moderately wounded.
The foxfire hits the adder but does no damage.
The adder is moderately wounded.
The adder misses you.
You conjure some foxfire!
You feel sick. The adder bites you.
You are more poisoned.
The adder poisons you! The adder barely misses you.
The adder closely misses you.
You are too injured to fight recklessly!
Your foxfire dissipates!
You feel sick.
The foxfire hits the adder.
The adder is heavily wounded.
The adder attacks as you move away! The adder bites you.
You are lethally poisoned!
The adder poisons you!
* * * LOW HITPOINT WARNING * * *
You feel sick. The adder closely misses you.
The adder attacks as you move away! The adder closely misses you.
* * * LOW HITPOINT WARNING * * *
You feel sick. The adder bites you but does no damage.
It was a potion of brilliance.
You feel clever all of a sudden.
* * * LOW HITPOINT WARNING * * *
You feel sick. The adder closely misses you. x2
It was a potion of resistance.
You feel protected.
* * * LOW HITPOINT WARNING * * *
You feel sick.
The adder closely misses you. x2; The adder barely misses you.
Your magical contamination has completely faded away.
The adder attacks as you move away! The adder bites you.
You die...

#.....>....#
##........##
#..........#
#..........#
#....†..:..#
#..........#
#..........#
##.<....SS##
#.........J@#
###########.......#
#########


You could see 2 adders and an endoplasm.

Vanquished Creatures
  An adder (D:2)
  2 worms (D:2)
  A dart slug (D:2)
  5 ball pythons
  2 endoplasms (D:2)
  3 giant cockroaches
  2 goblins (D:2)
  3 hobgoblins
  4 jackals (D:2)
  3 kobolds
  A quokka (D:2)
  2 bats
  A frilled lizard (D:1)
  4 rats
34 creatures vanquished.

Vanquished Creatures (others)
  52 foxfires
52 creatures vanquished.

Grand Total: 86 creatures vanquished

Notes
Turn   | Place    | Note
-------+----------+-------------------------------------------
     0 | D:1      | javelincjr the Octopode Hedge Wizard began the quest for
                  | the Orb.
     0 | D:1      | Reached XP level 1. HP: 11/11 MP: 4/4
   261 | D:1      | Reached XP level 2. HP: 16/18 MP: 0/6
   767 | D:2      | Reached skill level 1 in Fighting
   953 | D:2      | Reached XP level 3. HP: 23/23 MP: 2/7
  1024 | D:2      | Learned a level 1 spell: Foxfire
  1027 | D:2      | Learned a level 2 spell: Call Imp
  1813 | D:2      | Found a shimmering altar of Xom.
  1927 | D:3      | Slain by an adder

Illustrated notes

Levels and vault maps discovered:
D:1:      nzn_arrival_depleted_hourglass, layout_basic
D:2:      minmay_evil_eye, layout_rooms, basic_altar, minmay_misc_feat_iff
D:3:      layout_rooms, kennysheep_generic_room_2

Skill      XL: |  1  2 |
---------------+-------+-----
Fighting       | 1 |  1.7
Stealth        | 3 |  3.1
Dodging        | |  2.3
Spellcasting   | |  3.2
Conjurations   | |  1.6
Summonings     | |  1.3
Translocations | |  1.3

Action                   || total
-------------------------++-------
Melee: Dagger            ||    34
       Tentacles         ||     8
       Constrict         ||    11
       Punch             ||     1
 Cast: Magic Dart        ||    29
       Foxfire           ||    35
  Use: Potion            ||     2
 Stab: Sleeping          ||     2
Armor: Skin              ||     2
Dodge: Dodged            ||    33
